 Dungeon Crawl Stone Soup version 0.31-a0-569-g7ea453304b (webtiles) character file.

Game seed: 1547528028030451529

46 GordonOverkill the Sneak (level 3, 0/20 HPs)
             Began as a Vine Stalker Delver on Aug 18, 2023.
             Was an Initiate of Vehumet.
             Slain by an ufetubus (1 damage)
             ... in a sewer.
             The game lasted 00:03:52 (635 turns).

GordonOverkill the Sneak (Vine Stalker Delver)       Turns: 635, Time: 00:03:53

Health: 0/20       AC:  3    Str: 14    XL:     3   Next: 68%
Magic:  0/4        EV: 11    Int: 12    God:    Vehumet [......]
Gold:   13         SH:  0    Dex: 15    Spells: 2/2 levels left

rFire   . . .        i - +0 dagger (drain)
rCold   . . .        (no shield)
rNeg    . . .        b - +0 leather armour
rPois   .            (no helmet)
rElec   .            (no cloak)
rCorr   .            (no gloves)
SInv    .            (no boots)
Will    .....        (no amulet)
Stlth   +++          (no ring)
HPRegen 0.23/turn    (no ring)
MPRegen 0.09/turn

%: guardian spirit
@: invisible
A: fangs 2, magic shield, antimagic bite, no potion heal 2
a: Renounce Religion


You were in a sewer.
You worshipped Vehumet.
Vehumet was noncommittal.
You visited 2 branches of the dungeon, and saw 5 of its levels.
You also visited: Sewer.

You collected 13 gold pieces.

Inventory:

Hand Weapons
 i - a +0 dagger of draining (weapon)
Armour
 a - a +0 helmet
 b - a +0 leather armour (worn)
Jewellery
 l - a ring of wizardry
Wands
 e - a wand of acid (4)
 g - a wand of digging (3)
Scrolls
 c - a scroll of fog
 d - a scroll of vulnerability {unknown}
 h - a scroll of enchant armour {unknown}
 m - a scroll of noise {unknown}
 n - a scroll of butterflies {unknown}
Potions
 k - a potion of heal wounds


   Skills:
 + Level 3.2 Fighting
 + Level 2.5 Short Blades
 - Level 1.5 Dodging
 - Level 6.0 Stealth
 + Level 1.3 Evocations


You had 2 spell levels left.
You didn't know any spells.
Your spell library was empty.

Dungeon Overview and Level Annotations

Branches:
Dungeon (6/15)             Temple (1/1) D:4           Sewer (1/1)

Altars:
Ashenzari
Cheibriados
Dithmenos
Elyvilon
Fedhas
Gozag
Hepliaklqana
Kikubaaqudgha
Makhleb
Nemelex Xobeh
Okawaru
Qazlal
Ru
Sif Muna
Trog
Uskayaw
Vehumet
Wu Jian
Xom
Yredelemnul
The Shining One

Annotations:
D:3 Grinder
D:4 Edmund, Menkaure
D:5 exclusion: downstairs


Innate Abilities, Weirdness & Mutations

You have extremely sharp teeth.
When hurt, damage is shared between your health and your magic reserves.
Your bite disrupts and absorbs the magic of your enemies.
Potions cannot restore your health.


Message History

The ufetubus closely misses you. The ufetubus completely misses you.
The ufetubus barely misses you. The ufetubus completely misses you.
The ufetubus hits you but does no damage.
The ufetubus closely misses you.
You miss the ufetubus. Your bite misses the ufetubus.
The ufetubus barely misses you. The ufetubus hits you.
* * * LOW HITPOINT WARNING * * *
You catch the helpless ufetubus completely off-guard!
You impale the ufetubus!!
You kill the ufetubus!
Vehumet accepts your kill. The ufetubus hits you.
* * * LOW HITPOINT WARNING * * *
The ufetubus closely misses you.
You closely miss the ufetubus. Your punch misses the ufetubus.
The ufetubus is no longer moving quickly.
The ufetubus closely misses you. The ufetubus hits you.
* * * LOW HITPOINT WARNING * * *
The ufetubus hits you.
* * * LOW HITPOINT WARNING * * *
The ufetubus misses you.
You hit the ufetubus.
You bite the ufetubus, but do no damage.
The ufetubus is lightly wounded.
The ufetubus hits you.
* * * LOW HITPOINT WARNING * * *
The ufetubus barely misses you.
You hit the ufetubus. You bite the ufetubus. You drain its power.
You feel invigorated.
The ufetubus is severely wounded.
The ufetubus closely misses you. The ufetubus barely misses you.
You barely miss the ufetubus. Your bite misses the ufetubus.
The ufetubus is severely wounded.
The ufetubus hits you but does no damage.
The ufetubus hits you.
* * * LOW HITPOINT WARNING * * *
You closely miss the ufetubus.
The ufetubus is severely wounded.
The ufetubus hits you.
You die...

##########
##...##.~≈#
#.....#.~≈#
#.∩∩.@).~≈#
#..)5.#.≈≈#
##)..##.~≈#
######K.≈#
#55≈# #.~≈#
#..≈# #.~~#
#.~≈#


You could see an ufetubus (unable to see you).

Vanquished Creatures
  2 adders (D:3)
  An ufetubus (Sewer)
  A dart slug (D:4)
  2 orcs (D:4)
  3 endoplasms
  4 giant cockroaches
  A goblin (D:4)
  4 kobolds
  A kobold zombie (Sewer)
  A rat (D:3)
20 creatures vanquished.

Notes
Turn   | Place    | Note
-------+----------+-------------------------------------------
     0 | D:5      | GordonOverkill the Vine Stalker Delver began the quest for
                  | the Orb.
     0 | D:5      | Reached XP level 1. HP: 11/11 MP: 2/2
     8 | D:6      | Noticed a water moccasin
    22 | D:5      | Noticed a hound
    25 | D:5      | Noticed a hound
    65 | D:4      | Noticed Edmund
   111 | D:4      | Reached XP level 2. HP: 8/16 MP: 1/3
   147 | D:4      | Noticed Menkaure
   151 | D:4      | Found a staircase to the Ecumenical Temple.
   166 | Temple   | Entered the Ecumenical Temple
   186 | Temple   | Became a worshipper of Vehumet
   429 | D:3      | Noticed Grinder
   442 | D:3      | Reached skill level 1 in Evocations
   442 | D:3      | Reached XP level 3. HP: 20/20 MP: 4/4
   476 | D:3      | Found a glowing drain.
   536 | Sewer    | Entered a sewer
   634 | Sewer    | HP: 1/20 [ufetubus (1)]
   635 | Sewer    | Slain by an ufetubus

Illustrated notes

Levels and vault maps discovered:
D:3:      layout_basic, portal_sewer_entry_d, fountainhead, grunt_ministairs_2,
          uniq_grinder
D:4:      layout_cave_pools, minmay_temple_entry_slanted, uniq_natasha,
          uniq_edmund, uniq_menkaure
D:5:      layout_rooms
D:6:      layout_loops_ring, mainiacjoe_overflow_boulevard,
          minmay_misc_feat_more_columns
Temple:   mainiacjoe_temple_archimedes_tessellation
Sewer:    kennysheep_sewer_church

Skill      XL: |  1  2 |
---------------+-------+-----
Short Blades   | 2 |  2.5
Fighting       | 3 |  3.2
Evocations     | 1 |  1.3
Dodging        | |  1.5
Stealth        | |  6.0

Action                     || total
---------------------------++-------
  Melee: Dagger            ||    80
         Bite              ||    16
         Punch             ||     2
    Use: Scroll            ||     2
         Potion            ||     3
   Stab: Sleeping          ||     2
         Invisible         ||     1
 Armour: Leather armour    ||    19
  Dodge: Dodged            ||    43

Table legend: (Time is in decaauts)
 A = Elapsed time spent in this place.
 B = Non-inter-level travel time spent in this place.
 C = Inter-level travel time spent in this place.
 D = Time resting spent in this place.
 E = Time spent auto-exploring this place.
 F = Levels seen in this place.
 G = Mean time per level.
                   A        B        C        D        E       F      G
               +--------+--------+--------+--------+--------+-----+--------+
         Total |    614 |    576 |     38 |     98 |      0 |   6 |  102.3 |
       Dungeon |    480 |    480 |      0 |     57 |      0 |   4 |  120.0 |
        Temple |     40 |      2 |     38 |      0 |      0 |   1 |   40.0 |
         Sewer |     93 |     93 |      0 |     40 |      0 |   1 |   93.0 |
               +--------+--------+--------+--------+--------+-----+--------+

Top non-repeatable levels by time:
     D:3: 256 daAuts
     D:4: 186 daAuts
   Sewer: 93 daAuts
  Temple: 40 daAuts
     D:5: 23 daAuts
     D:6: 14 daAuts
